Map: Triton LE

Players

TheoRy

  • Race: Protoss Protoss
  • Spawn Location: 11:00

Semper - Winner!

  • Race: Terran Terran
  • Spawn Location: 5:00

VOD

Have the link to the VOD?

Description

Time

  • Played on: Sept. 6, 2019, 1:20 p.m.
  • Length: 12:17
Show
View Real Time Build Order
Export as new Build Order

TheoRy Protoss 

Build Orders: 1 Gate Expand, Blink Stalkers 

Get SALT Encoding   

  12  0:00  Probe  
  13  0:12  Probe  
  14  0:17  Pylon  
  14  0:23  Probe  
  15  0:32  Probe  
  15  0:38  Gateway  
  15  0:40  Probe  
  16  0:47  Assimilator  
  17  0:51  Probe  
  18  1:03  Probe  
  19  1:15  Probe  
  20  1:23  Nexus  
  20  1:32  Cybernetics Core  
  20  1:36  Probe  
  21  1:41  Assimilator  
  21  1:48  Probe  
  21  1:51  Pylon  
  22  2:00  Probe, Stalker  
  23  2:11  Warp Gate  
  23  2:13  Probe  
  26  2:18  Twilight Council  
  26  2:25  Probe  
  27  2:30  Stalker  
  27  2:32  Blink  
  28  2:43  Probe  
  28  2:44  Probe  
  28  2:51  Probe  
  31  3:01  Probe  
  32  3:12  Gateway  
  32  3:13  Gateway  
  32  3:16  Stalker  
  32  3:19  Probe  
  35  3:22  Probe  
  36  3:31  Probe  
  37  3:35  Probe  
  37  3:37  Pylon  
  37  3:39  Pylon  
  38  3:43  Probe  
  38  3:44  Probe  
  40  3:52  Probe  
  40  3:55  Probe  
  40  4:01  Probe, Stalker  
  43  4:07  Probe, Robotics Facility  
  45  4:17  Nexus  
  45  4:21  Probe  
  46  4:25  Probe  
  46  4:28  Stalker  
  49  4:35  Probe  
  50  4:39  Stalker x2  
  50  4:45  Pylon  
  54  4:51  Assimilator  
  54  4:55  Pylon  
  54  4:56  Observer  
  54  5:03  Probe x2  
  54  5:04  Forge  
  54  5:05  Forge  
  57  5:12  Pylon  
  57  5:13  Sentry  
  59  5:14  Sentry  
  59  5:15  Probe  
  59  5:17  Observer  
  59  5:19  Probe  
  59  5:21  Charge  
  64  5:27  Probe  
  65  5:29  Stalker  
  65  5:32  Probe  
  65  5:33  Probe  
  68  5:39  Probe  
  68  5:40  Photon Cannon  
  68  5:41  Probe  
  68  5:42  Photon Cannon  
  70  5:43  Protoss Ground Armor Level 1, Protoss Ground Weapons Level 1  
  70  5:44  Probe  
  70  5:46  Photon Cannon  
  70  5:49  Probe  
  72  5:52  Probe  
  72  5:56  Probe  
  72  5:58  Probe  
  72  6:04  Probe  
  74  6:08  Probe  
  74  6:10  Immortal, Probe  
  80  6:16  Probe  
  81  6:20  Probe  
  81  6:21  Stalker  
  81  6:22  Probe  
  81  6:23  Stalker  
  86  6:28  Probe  
  87  6:33  Probe  
  87  6:35  Probe  
  87  6:39  Gateway  
  87  6:41  Gateway  
  87  6:43  Gateway  
  87  6:44  Pylon  
  87  6:48  Probe  
  88  6:55  Pylon  
  88  7:01  Gateway  
  88  7:02  Nexus  
  88  7:03  Gateway  
  88  7:05  Pylon, Probe  
  88  7:08  Pylon  
  88  7:09  Probe x2  
  88  7:15  Immortal  
  95  7:23  Zealot  
  95  7:24  Probe, Zealot x2  
  95  7:26  Probe x2  
  104  7:35  Zealot  
  104  7:36  Probe  
  107  7:38  Probe  
  107  7:43  Pylon x2  
  108  7:45  Pylon  
  108  7:46  Zealot x3  
  108  7:47  Gateway  
  111  7:55  Zealot x2  
  110  8:03  Zealot x3  
  104  8:06  Immortal  
  104  8:07  Zealot x2  
  109  8:18  Zealot x2  
  109  8:19  Probe, Zealot  
  84  8:24  Stalker x2  
  84  8:28  Zealot x2  
  84  8:31  Protoss Ground Weapons Level 2  
  84  8:32  Protoss Ground Armor Level 2  
  82  8:34  Observer  
  82  8:38  Probe  
  82  8:40  Stalker x2  
  84  8:42  Probe  
  84  8:44  Stalker  
  84  8:45  Probe  
  88  8:52  Observer  
  89  8:56  Probe  
  90  9:03  Probe  
  90  9:09  Zealot x2, Sentry  
  97  9:10  Photon Cannon, Zealot  
  97  9:14  Probe x2  
  97  9:15  Probe x2  
  103  9:18  Stalker  
  103  9:26  Probe x2  
  103  9:27  Photon Cannon, Probe  
  106  9:32  Zealot x5  
  106  9:34  Probe  
  117  9:38  Probe  
  117  9:41  Zealot x3  
  124  9:47  Pylon  
  124  9:48  Zealot  
  124  9:50  Dark Shrine  
  118  10:01  Zealot  
  118  10:05  Zealot x4  
  125  10:19  Stalker  
  124  10:21  Gateway  
  124  10:29  Pylon  
  124  10:31  Nexus  
  124  10:33  Pylon  
  124  10:35  Pylon  
  118  10:44  Probe  
  118  10:45  Probe  
  118  10:47  Probe  
  118  10:55  Stalker x2  
  118  10:56  Probe  
  121  10:57  Probe  
  121  10:59  Probe  
  114  11:08  Probe x2  
  114  11:09  Probe  
  112  11:13  Zealot x4  
  112  11:16  Probe  
  112  11:17  Probe  
  120  11:21  Probe  
  120  11:24  Probe  
  120  11:25  Probe  
  125  11:33  Probe  
  125  11:35  Dark Templar  
  125  11:36  Probe  
  125  11:37  Probe, Dark Templar  
  132  11:45  Probe  
  137  11:48  Probe, Dark Templar  
  137  11:49  Probe  
  137  11:52  Zealot  
  137  11:53  Zealot  
  143  11:55  Zealot  
  143  11:57  Probe  
  143  12:00  Dark Templar  
  134  12:08  Stalker  
  134  12:12  Stalker x2  
  134  12:13  Stalker  
Show
View Real Time Build Order
Export as new Build Order

Semper Terran - Winner!

Build Orders: Reaper Expand, Banshee Rush 

Get SALT Encoding   

  12  0:00  SCV  
  13  0:13  SCV  
  14  0:17  Supply Depot  
  14  0:25  SCV  
  15  0:38  SCV  
  15  0:40  Barracks  
  16  0:44  Refinery  
  16  0:51  SCV  
  17  1:03  SCV  
  18  1:15  SCV  
  19  1:27  Orbital Command  
  19  1:29  Reaper  
  20  1:39  Command Center  
  20  1:50  Supply Depot  
  20  1:52  SCV  
  21  2:01  Barracks Reactor  
  21  2:04  SCV  
  21  2:06  Refinery  
  22  2:17  SCV  
  23  2:23  Factory  
  23  2:29  SCV  
  24  2:41  SCV  
  25  2:45  Marine x2  
  27  2:53  Orbital Command  
  27  2:58  SCV  
  28  3:03  Marine x2  
  30  3:07  Starport  
  30  3:11  Factory Tech Lab  
  31  3:12  SCV  
  31  3:20  SCV  
  31  3:21  Marine x2  
  31  3:25  SCV  
  35  3:32  SCV  
  35  3:33  Supply Depot  
  36  3:37  SCV  
  36  3:38  Marine, Factory Tech Lab  
  36  3:39  Marine  
  39  3:44  Bunker, SCV  
  40  3:49  SCV  
  40  3:51  Bunker  
  40  3:53  Engineering Bay  
  41  3:56  SCV  
  41  3:58  Banshee, Cloaking Field  
  41  4:01  SCV  
  46  4:08  SCV  
  49  4:17  Siege Tank  
  49  4:18  SCV  
  49  4:23  Supply Depot, Marine, Missile Turret  
  49  4:24  Marine  
  52  4:25  Supply Depot  
  52  4:27  SCV  
  52  4:29  Missile Turret  
  53  4:33  SCV  
  53  4:39  SCV  
  53  4:44  Marine  
  53  4:45  Banshee  
  55  4:49  Siege Tank  
  61  4:54  Marine  
  61  4:55  SCV  
  61  4:56  SCV  
  64  5:02  Barracks, Marine  
  64  5:04  Barracks  
  65  5:09  SCV  
  65  5:10  SCV  
  65  5:11  Terran Infantry Weapons Level 1  
  65  5:13  Refinery  
  67  5:24  SCV  
  68  5:28  Factory Reactor  
  68  5:32  Marine, SCV  
  70  5:43  Starport Reactor  
  70  5:46  Supply Depot, Refinery  
  70  5:47  Command Center, Marine, SCV  
  72  5:53  SCV  
  73  5:59  SCV  
  74  6:05  Marauder, Stimpack  
  74  6:07  Widow Mine  
  74  6:08  Widow Mine, SCV  
  74  6:11  Supply Depot, Barracks  
  81  6:12  Barracks  
  81  6:14  Supply Depot x2  
  81  6:18  Marine x2  
  81  6:19  Marauder, Combat Shield  
  85  6:26  SCV  
  86  6:33  Widow Mine  
  86  6:35  Marauder  
  86  6:36  Marine x2, SCV  
  86  6:38  Supply Depot  
  95  6:40  Widow Mine, Medivac  
  95  6:41  Supply Depot  
  95  6:45  Medivac  
  99  6:52  Marauder  
  99  6:54  Marine  
  101  6:56  Marauder, SCV, Marine  
  106  7:03  Barracks Tech Lab, Barracks Reactor  
  106  7:07  Orbital Command  
  106  7:10  Medivac  
  106  7:15  Medivac  
  110  7:24  Marauder, Marine x2  
  110  7:25  Marauder x2, Orbital Command, Concussive Shells  
  110  7:26  SCV  
  119  7:41  Medivac  
  119  7:42  Starport, Marine  
  122  7:45  Medivac  
  122  7:46  Marauder, SCV, Supply Depot  
  122  7:48  Supply Depot  
  127  7:58  SCV x2  
  127  7:59  Marauder, Marine x2  
  119  8:10  Marine  
  119  8:11  Marauder  
  122  8:17  Marine x2  
  122  8:18  Marauder, Medivac x2  
  118  8:21  SCV x2  
  118  8:23  Supply Depot, Refinery x2, SCV  
  118  8:29  Marine  
  118  8:30  Marine x2  
  118  8:33  SCV  
  116  8:36  SCV  
  116  8:40  Marine  
  116  8:41  Marauder  
  117  8:42  Liberator  
  117  8:44  Supply Depot  
  117  8:47  Supply Depot, SCV  
  118  8:48  Marine  
  118  8:49  Marauder, Marine  
  122  8:57  Marauder, Marine  
  122  8:58  Liberator, Marine  
  129  9:05  Marauder  
  129  9:06  Marine  
  129  9:07  Marine  
  133  9:10  Terran Infantry Armor Level 1, Liberator, Armory  
  133  9:11  Liberator, Engineering Bay  
  133  9:14  SCV  
  133  9:15  Marauder, Marine  
  140  9:26  Marine  
  140  9:27  Marauder x2  
  140  9:31  Liberator, SCV x2  
  152  9:34  Marine  
  152  9:36  Marauder  
  159  9:59  Marine x3  
  153  10:00  Marauder  
  153  10:06  Marine  
  153  10:07  Marauder  
  158  10:08  Terran Ship Weapons Level 1  
  158  10:09  Ghost Academy, SCV x2  
  158  10:11  Liberator x2, Command Center  
  158  10:13  Marine  
  158  10:21  Marine  
  158  10:22  Marine  
  158  10:26  Marine  
  172  10:41  Marine  
  175  10:42  Ghost  
  175  10:43  Ghost  
  172  10:56  Ghost  
  172  10:57  Liberator x2, Marine x2  
  174  10:59  Barracks  
  174  11:01  Barracks  
  174  11:02  Starport, Barracks  
  166  11:13  Marine  
  166  11:14  Marauder, Marine x2  
  173  11:20  Marine  
  173  11:21  Marine  
  173  11:25  Ghost  
  177  11:30  Planetary Fortress  
  177  11:32  Marauder  
  179  11:37  Refinery  
  179  11:38  Command Center  
  179  11:42  Refinery, Fusion Core  
  179  11:46  Starport Tech Lab  
  179  11:53  Barracks Tech Lab, Missile Turret x2  
  179  11:54  Barracks Tech Lab x2  
  178  12:02  SCV x2  
Tags
 
Add a new tag
Caveats
  • Supply blocks, unpowered buildings, or Contaminate may cause inaccurate times.
  • Supply counts are checked every 10 seconds.